 Dungeon Crawl Stone Soup version 0.28-b1-1-g3c77fb2ed1 (webtiles) character file.

Game seed: 6004516626235440112

70403 McKennaii the Devastator (level 14, -1/99 HPs)
             Began as a Demigod Conjurer on Jan 28, 2022.
             Slain by an entropy weaver simulacrum (3 damage)
             ... in an ice cave.
             The game lasted 00:48:48 (29339 turns).

McKennaii the Devastator (Demigod Conjurer)        Turns: 29339, Time: 00:48:48

Health: -1/99      AC: 18    Str: 14    XL:     14   Next: 52%
Magic:  2/44       EV: 13    Int: 42    God:
Gold:   684        SH:  0    Dex: 17    Spells: 18/37 levels left

rFire   + . .      SeeInvis .   M - +7 trident "Iceazen" {flame, Str+6}
rCold   + . .      Faith    .   (no shield)
rNeg    . . .      Spirit   .   C - +2 ring mail of the Planets {rC+ Dex+5}
rPois   +          Reflect  .   y - +0 helmet
rElec   +          Harm     +   r - +0 cloak
rCorr   .          Rampage  +   U - +1 pair of gloves "Nigeat" {Harm rElec rPois rF+ Slay-5}
Will    +....                   g - +2 pair of boots {rampage}
Stlth   +.........              V - amulet of regeneration
HPRegen 1.06/turn               a - ring of magical power
MPRegen 0.29/turn               F - +6 ring of intelligence

@: no status effects
A: high mp 1, forlorn, divine attributes, iridescent scales 1
a: no special abilities


You were in an ice cave.
You visited 2 branches of the dungeon, and saw 20 of its levels.
You also visited: Ice Cave.

You collected 1324 gold pieces.
You spent 640 gold pieces at shops.

Inventory:

Hand Weapons
 M - the +7 trident "Iceazen" (weapon) {flame, Str+6}
   (You took it off a spriggan on level 10 of the Dungeon)

   It burns those it strikes, dealing additional fire damage.
   Str:       It affects your strength (+6).
Armour
 g - a +2 pair of boots of rampaging (worn)
 r - a +0 cloak (worn)
 y - a +0 helmet (worn)
 C - the +2 ring mail of the Planets (worn) {rC+ Dex+5}
   (You found it on level 7 of the Dungeon)

   Dex:       It affects your dexterity (+5).
   rC:        It protects you from cold.
 U - the +1 pair of gloves "Nigeat" (worn) {Harm rElec rPois rF+ Slay-5}
   (You found it on level 4 of the Lair of Beasts)

   Slay:      It affects your accuracy & damage with ranged weapons and melee
   (-5).
   rF:        It protects you from fire.
   rElec:     It insulates you from electricity.
   rPois:     It protects you from poison.
   Harm:      It increases damage dealt and taken.
Magical Staves
 u - a staff of fire
 D - a staff of air
Jewellery
 a - a ring of magical power (left hand)
 p - a ring of protection from cold
 z - a ring of fire
 A - a ring of resist corrosion
 F - a +6 ring of intelligence (right hand)
 P - a ring of wizardry
 S - a ring of poison resistance
 V - an amulet of regeneration (around neck)
Wands
 i - a wand of acid (6)
 s - a wand of mindburst (26)
 B - a wand of flame (33)
 G - a wand of polymorph (8)
 K - a wand of digging (12)
Scrolls
 b - 3 scrolls of holy word
 c - a scroll of torment
 f - 6 scrolls of teleportation
 j - 3 scrolls of fog
 l - a scroll of enchant armour
 m - 3 scrolls of vulnerability
 n - 2 scrolls of fear {unknown}
 t - a scroll of immolation {unknown}
 v - 3 scrolls of magic mapping {unknown}
 H - 2 scrolls of amnesia {unknown}
 J - 2 scrolls of enchant weapon {unknown}
 L - 2 scrolls of brand weapon {unknown}
 R - a scroll of silence {unknown}
 T - 2 scrolls of blinking {unknown}
Potions
 d - 3 potions of heal wounds
 e - a potion of resistance
 h - 4 potions of mutation
 k - 2 potions of lignification
 o - 3 potions of brilliance
 q - 3 potions of magic
 w - 2 potions of flight
 x - 4 potions of might
 E - 3 potions of attraction
 I - a potion of ambrosia
 N - 3 potions of cancellation {unknown}
 O - 2 potions of curing
 Q - a potion of berserk rage {unknown}


   Skills:
 - Level 2.0 Fighting
 - Level 6.0 Armour
 + Level 5.1 Dodging
 - Level 1.7 Stealth
 - Level 0.6 Unarmed Combat
 - Level 12.0 Spellcasting
 - Level 16.0 Conjurations
 - Level 0.2 Translocations
 - Level 12.0 Fire Magic


You had 18 spell levels left.
You knew the following spells:

 Your Spells              Type           Power      Damage    Failure   Level
a - Magic Dart            Conj           100%       1d8       0%          1
b - Searing Ray           Conj           100%       2d8       0%          2
c - Iskenderun's Mystic   Conj/Tloc      75%        2d15      1%          4
d - Fireball              Conj/Fire      48%        3d19      1%          5
e - Orb of Destruction    Conj           51%        9d13      2%          7

Your spell library contained the following spells:

 Spells                   Type           Power      Damage    Failure   Level
 Shock                    Conj/Air       100%       1d9       1%          1
 Conjure Flame            Conj/Fire      97%        6-21      1%          3
 Dazzling Flash           Conj/Hex       100%       N/A       1%          3
 Fulminant Prism          Conj/Hex       37%        3d18      1%          4
 Starburst                Conj/Fire      48%        6d13      1%          6
 Corpse Rot               Necr/Air       50%        N/A       3%          2
 Ensorcelled Hibernation  Hex/Ice        50%        N/A       3%          2
 Passwall                 Tmut/Erth      20%        N/A       3%          2
 Poisonous Vapours        Pois/Air       50%        N/A       3%          2
 Confusing Touch          Hex            25%        N/A       7%          3
 Frozen Ramparts          Ice            50%        1d7       7%          3
 Summon Guardian Golem    Hex/Summ       25%        N/A       7%          3
 Swiftness                Air            25%        N/A       7%          3
 Airstrike                Air            12%        N/A       22%         4
 Animate Dead             Necr           12%        N/A       22%         4
 Ice Form                 Ice/Tmut       25%        N/A       22%         4
 Summon Ice Beast         Ice/Summ       25%        N/A       22%         4
 Summon Forest            Summ/Tloc      13%        N/A       52%         5
 Yara's Violent Unravell  Hex/Tmut       12%        3d7       54%         5
 Spellforged Servitor     Conj/Summ      37%        N/A       58%         7
 Ignition                 Fire           45%        3d13      73%         8
 Eringya's Noxious Bog    Tmut/Pois      12%        N/A       98%         6
 Enfeeble                 Hex            12%        N/A       100%        7
 Haunt                    Necr/Summ      12%        N/A       100%        7
 Summon Hydra             Summ           12%        N/A       100%        7
 Infestation              Necr           12%        N/A       100%        8
 Fire Storm               Conj/Fire      48%        8d12      100%        9


Dungeon Overview and Level Annotations

Branches:
Dungeon (15/15)            Temple (0/1) D:7            Lair (5/6) D:8
 Shoals (0/4) Lair:2        Snake (0/4) Lair:4          Orc (0/2) D:10
 Vaults (0/5) D:14         Depths (0/4) D:15          IceCv (1/1)
  Slime: Lair:5-6

Shops:
D:2 (   D:12 :   D:15 *

Annotations:
D:14 3 runed translucent doors, Imiczer's ghost, journeyman FoFi
Lair:5 exclusion: oklob plant


Innate Abilities, Weirdness & Mutations

You have an increased reservoir of magic. (+10% MP)
You shall have no god before yourself.
Your divine heritage dramatically boosts your attributes as you level up.
You are partially covered in iridescent scales. (AC +2)


Message History

The entropy weaver simulacrum hits you but does no damage.
The entropy weaver simulacrum barely misses you.
The entropy weaver simulacrum hits you but does no damage.
The entropy weaver simulacrum barely misses you.
You hit the entropy weaver simulacrum but do no damage.
The entropy weaver simulacrum is moderately damaged.
The entropy weaver simulacrum closely misses you.
The entropy weaver simulacrum hits you but does no damage.
The entropy weaver simulacrum misses you.
The entropy weaver simulacrum barely misses you.
Unknown command.
You hit the entropy weaver simulacrum.
You melt the entropy weaver simulacrum.
The entropy weaver simulacrum is heavily damaged.
The entropy weaver simulacrum hits you.
The entropy weaver simulacrum freezes you!
You resist.
The entropy weaver simulacrum hits you but does no damage.
The entropy weaver simulacrum misses you.
The entropy weaver simulacrum hits you but does no damage.
You hit the entropy weaver simulacrum but do no damage.
The entropy weaver simulacrum is heavily damaged.
The entropy weaver simulacrum hits you but does no damage. x2
The entropy weaver simulacrum barely misses you. x2
Unknown command.
You puncture the entropy weaver simulacrum!
You melt the entropy weaver simulacrum.
The entropy weaver simulacrum is almost destroyed.
The entropy weaver simulacrum closely misses you.
The entropy weaver simulacrum hits you!
The entropy weaver simulacrum freezes you!!
You resist.
* * * LOW HITPOINT WARNING * * *
The entropy weaver simulacrum hits you but does no damage.
The entropy weaver simulacrum hits you.
* * * LOW HITPOINT WARNING * * *
The entropy weaver simulacrum freezes you!
You resist.
* * * LOW HITPOINT WARNING * * *
The entropy weaver simulacrum hits you.
You die...

# ### .#
##.## Z#
#...##..#
#@Z.....#
#...##..#
##.## .#
### .# #


You could see an entropy weaver simulacrum.

Vanquished Creatures
  A quicksilver ooze (IceCv)
  Snorg (Lair:5)
  A fire dragon (D:15)
  Erolcha (D:9)
  10 hydras
  The ghost of Terracrafty the Basher, a journeyman PaFi of Elyvilon (D:10)
  5 boulder beetles
  An ice dragon (D:15)
  2 ogre magi (D:15)
  7 two-headed ogres
  8 vault guards (D:14)
  3 centaur warriors
  A death knight (D:15)
  A tengu warrior (D:13)
  Urug (D:10)
  Sonja (Lair:1)
  5 skeletal warriors (D:14)
  3 deep elf pyromancers
  3 ugly things (D:13)
  3 cyclopes
  5 manticores
  4 centaur zombies
  3 black mambas
  Joseph (D:8)
  2 gargoyles (D:12)
  Maggie (D:8)
  6 cane toads
  4 rime drakes
  6 komodo dragons
  3 kobold demonologists
  2 entropy weaver simulacra (IceCv)
  5 trolls
  A polar bear (Lair:4)
  A troll (shapeshifter) (D:15)
  2 hornets
  7 blink frogs
  18 slime creatures
  12 dream sheep (Lair:4)
  4 shadows
  4 spriggans (D:10)
  4 wraiths
  3 wyverns
  33 yaks
  A basilisk (D:14)
  8 vampire mosquitoes
  Grum (Lair:1)
  3 steam dragons
  2 chaos spawn (D:8)
  A demonic crawler simulacrum (IceCv)
  11 water moccasins
  An acid dragon (D:11)
  Duvessa (D:7)
  4 orc warriors
  3 black bears
  2 ice beasts
  8 centaurs
  19 wolves
  11 ogres
  2 phantoms
  A centaur (shapeshifter) (D:13)
  10 bullfrogs
  4 gnoll sergeants
  A scorpion (D:6)
  A glowing shapeshifter simulacrum (IceCv)
  Dowan (D:7)
  A wyvern skeleton (D:7)
  5 killer bees (D:9)
  3 wights (D:6)
  7 electric eels
  4 howler monkeys
  4 jellies
  A bullfrog skeleton (D:3)
  9 orc priests
  Crazy Yiuf (D:3)
  A centaur skeleton (D:7)
  22 orc wizards
  Ijyb (D:3)
  2 iguanas
  A hound zombie (D:5)
  2 howler monkey zombies
  18 gnolls
  5 adders
  A howler monkey skeleton (D:7)
  2 white imps
  An adder skeleton (D:5)
  A worm (D:4)
  3 dart slugs
  40 orcs
  7 endoplasms
  5 giant cockroaches
  8 goblins
  6 hobgoblins
  7 jackals (D:1)
  3 quokkas
  9 ball pythons
  3 bats
  2 frilled lizards
  9 kobolds
  A rat (D:1)
481 creatures vanquished.

Vanquished Creatures (others)
  11 fungi
  20 plants
31 creatures vanquished.

Grand Total: 512 creatures vanquished

Notes
Turn   | Place    | Note
-------+----------+-------------------------------------------
     0 | D:1      | McKennaii the Demigod Conjurer began the quest for the Orb.
     0 | D:1      | Reached XP level 1. HP: 14/14 MP: 5/5
   166 | D:1      | Reached skill level 4 in Conjurations
   179 | D:1      | Reached XP level 2. HP: 20/20 MP: 4/7
  1127 | D:1      | Reached XP level 3. HP: 26/26 MP: 6/8
  1663 | D:2      | Found Bydgh's Antique Weapon Boutique.
  2253 | D:3      | Reached XP level 4. HP: 33/33 MP: 1/10
  2256 | D:3      | Learned a level 2 spell: Searing Ray
  2261 | D:3      | Learned a level 4 spell: Iskenderun's Mystic Blast
  2427 | D:3      | Noticed Ijyb
  2436 | D:3      | Killed Ijyb
  2437 | D:3      | Reached skill level 5 in Conjurations
  2771 | D:3      | Reached XP level 5. HP: 39/39 MP: 8/12
  3172 | D:3      | Found a runed translucent door.
  3173 | D:3      | Noticed Crazy Yiuf
  3398 | D:3      | Killed Crazy Yiuf
  3710 | D:4      | Gained mutation: You are partially covered in iridescent
                  | scales. (AC +2) [potion of mutation]
  3715 | D:4      | Reached XP level 6. HP: 12/46 MP: 9/14
  4600 | D:5      | Entered Level 5 of the Dungeon
  5107 | D:5      | Learned a level 5 spell: Fireball
  5203 | D:5      | Reached skill level 6 in Conjurations
  5314 | D:5      | Reached XP level 7. HP: 51/51 MP: 12/17
  5495 | D:5      | Reached skill level 5 in Spellcasting
  5495 | D:5      | Reached skill level 1 in Fire Magic
  5696 | D:5      | Reached skill level 1 in Fighting
  6061 | D:5      | Reached XP level 8. HP: 59/59 MP: 14/20
  6254 | D:6      | Reached skill level 7 in Conjurations
  8183 | D:6      | Reached skill level 8 in Conjurations
  8189 | D:6      | Reached XP level 9. HP: 64/64 MP: 12/23
  8836 | D:7      | Found a transporter.
  9032 | D:7      | Found a staircase to the Ecumenical Temple.
  9526 | D:7      | Noticed Dowan
  9531 | D:7      | Noticed Duvessa
  9534 | D:7      | Killed Dowan
  9544 | D:7      | Killed Duvessa
  9730 | D:7      | Found a transporter.
 10113 | D:7      | Identified the +2 ring mail of the Planets {rC+ Dex+5}
 10296 | D:8      | Noticed Maggie
 10303 | D:8      | Killed Maggie
 10304 | D:8      | Reached skill level 9 in Conjurations
 10527 | D:8      | Reached skill level 1 in Armour
 10845 | D:8      | Reached skill level 5 in Fire Magic
 11122 | D:8      | Found the +7 mace of Variability {chain chaos}
 11153 | D:8      | Found a staircase to the Lair.
 11724 | D:8      | Found a transporter.
 11726 | D:8      | Found a transporter.
 11729 | D:8      | Noticed a boulder beetle
 11838 | D:8      | Noticed Joseph
 11841 | D:8      | Killed Joseph
 11842 | D:8      | Reached XP level 10. HP: 57/73 MP: 19/26
 12274 | D:10     | Entered Level 10 of the Dungeon
 12606 | D:8      | Killed a boulder beetle
 12897 | D:9      | Identified the +1 chain mail of the Sea {rElec rC+ Stlth-}
 12904 | D:9      | Noticed a boulder beetle
 13113 | D:9      | Identified the +1 ring mail of the Thunderstorm {rN+}
 13178 | D:9      | Killed a boulder beetle
 13493 | D:9      | Noticed Erolcha
 13496 | D:9      | Killed Erolcha
 13859 | D:10     | Noticed Urug
 13933 | D:10     | Killed Urug
 13934 | D:10     | Reached skill level 10 in Conjurations
 14077 | D:10     | Found a staircase to the Orcish Mines.
 14338 | D:10     | Reached XP level 11. HP: 79/79 MP: 22/28
 14502 | D:10     | Reached skill level 5 in Armour
 14631 | D:10     | Noticed a two-headed ogre
 14639 | D:10     | Killed a two-headed ogre
 14728 | D:10     | Found a runed translucent door.
 14730 | D:10     | Identified the +7 trident "Iceazen" {flame, Str+6}
 14731 | D:10     | Noticed a spriggan rider
 14733 | D:10     | Noticed Terracrafty's ghost (journeyman PaFi)
 15699 | D:11     | Reached skill level 10 in Spellcasting
 16540 | D:12     | Noticed a two-headed ogre
 16543 | D:12     | Killed a two-headed ogre
 16757 | D:12     | Found Ycakk's Book Boutique.
 16765 | D:12     | Bought a book of Dangerous Friends for 640 gold pieces
 16773 | D:12     | Learned a level 7 spell: Orb of Destruction
 17011 | D:12     | Reached skill level 10 in Fire Magic
 17892 | D:10     | Reached XP level 12. HP: 58/85 MP: 28/30
 18063 | D:10     | Killed Terracrafty's ghost
 18266 | D:13     | Noticed a centaur warrior
 18269 | D:13     | Killed a centaur warrior
 19165 | D:13     | Noticed a boulder beetle
 19174 | D:13     | Killed a boulder beetle
 19512 | D:13     | Noticed a boulder beetle
 19520 | D:13     | Killed a boulder beetle
 19521 | D:13     | Reached skill level 11 in Conjurations
 20018 | D:14     | Noticed a vault guard
 20022 | D:14     | Killed a vault guard
 20022 | D:14     | Noticed a vault guard
 20024 | D:14     | Noticed a vault guard
 20025 | D:14     | Killed a vault guard
 20375 | D:14     | Noticed a four-headed hydra
 20375 | D:14     | Noticed Imiczer's ghost (journeyman FoFi)
 20375 | D:14     | Noticed a death knight
 20427 | D:14     | Found a runed translucent gate.
 20427 | D:14     | Found a runed translucent gate.
 20427 | D:14     | Found a runed translucent gate.
 20427 | D:14     | Noticed a vault guard
 20427 | D:14     | Noticed a storm dragon
 20428 | D:14     | Noticed a vault guard
 20431 | D:14     | Killed a vault guard
 20432 | D:14     | Reached skill level 12 in Conjurations
 20432 | D:14     | Killed a vault guard
 20559 | D:14     | Killed a vault guard
 20571 | D:14     | Noticed a vault guard
 20575 | D:14     | Killed a vault guard
 20694 | D:14     | Got the Reference Book on Fire
 20713 | D:14     | Noticed a vault guard
 20718 | D:14     | Killed a vault guard
 20823 | D:14     | Found a gate to the Vaults.
 20990 | D:14     | Noticed a four-headed hydra
 20992 | D:14     | Noticed a vault guard
 20993 | D:14     | Killed a four-headed hydra
 20994 | D:14     | Reached XP level 13. HP: 91/91 MP: 28/31
 20998 | D:14     | Reached skill level 13 in Conjurations
 22054 | D:15     | Entered Level 15 of the Dungeon
 22059 | D:15     | Reached skill level 14 in Conjurations
 22940 | D:15     | Reached skill level 15 in Conjurations
 23562 | D:15     | Found Xybbum's Pet Rocks.
 23714 | D:15     | Found a staircase to the Depths.
 23982 | Lair:1   | Entered Level 1 of the Lair of Beasts
 24454 | Lair:1   | Noticed Sonja
 24457 | Lair:1   | Killed Sonja
 24459 | Lair:1   | Noticed Grum
 24742 | Lair:1   | Killed Grum
 24853 | Lair:1   | Reached skill level 16 in Conjurations
 25226 | Lair:1   | Reached XP level 14. HP: 99/99 MP: 11/33
 25718 | Lair:2   | You fall into a shaft and drop 1 floor!
 26154 | Lair:2   | Found a staircase to the Shoals.
 26159 | Lair:2   | Identified the +5 mace "Grom" {vorpal, Str+7}
 27937 | Lair:4   | Found a staircase to the Snake Pit.
 27944 | Lair:4   | Identified the +1 pair of gloves "Nigeat" {Harm rElec rPois
                  | rF+ Slay-5}
 29048 | Lair:5   | Noticed Snorg
 29051 | Lair:5   | Killed Snorg
 29174 | Lair:5   | Found a frozen archway.
 29277 | IceCv    | Entered an ice cave
 29296 | IceCv    | Reached skill level 5 in Dodging
 29339 | IceCv    | HP: 2/99 [entropy weaver simulacrum (14)]
 29339 | IceCv    | Slain by an entropy weaver simulacrum

Illustrated notes

Levels and vault maps discovered:
D:1:      evilmike_arrival_plus, layout_basic
D:2:      layout_basic, serial_shops, shop_statue
D:3:      layout_loops_ring, uniq_crazy_yiuf_cottage, uniq_ijyb
D:4:      layout_rooms, minmay_crystal_room
D:5:      layout_basic, minitemple
D:6:      layout_gridville
D:7:      gammafunk_steamed_eel, layout_gridville, temple_fountains,
          nicolae_sextant, uniq_duvessa
D:8:      gammafunk_boulding_lane, layout_loops_ring, lair_entry_dummy,
          minmay_guarded_unrand_variability, uniq_joseph, uniq_maggie
D:9:      layout_roguey, uniq_erolcha
D:10:     layout_cave_pools, orc_0_dummy, ebering_ghost_funeral_grove,
          minmay_misc_feat_four_crosses, uniq_urug
D:11:     layout_gridville
D:12:     layout_stronghold, serial_shops, shop_statue,
          nicolae_concentric_dashed_squares_mild
D:13:     layout_roguey
D:14:     layout_loops_cross, erik_vaults_2, hangedman_decor_points,
          gammafunk_ghost_split
D:15:     grunt_enter_depths_hoard, layout_irregular_city,
          nicolae_wu_jian_wuxing_cycle, guppyfry_shop_earth
Lair:1:   layout_gridlike, grunt_megastairs_3, uniq_grum, uniq_sonja
Lair:2:   layout_loops_ring, shoals_dummy_entry
Lair:3:   layout_loops_ring, serial_bayou_shore_a, infiniplex_staircase_pool,
          lemuel_fruit_fields
Lair:4:   layout_cave_shapes, minmay_snake_entry_six_corridors,
          lemuel_fruit_tree
Lair:5:   lemuel_reptile_caves, layout_cave_pods,
          dpeg_slime_entry_enclosed_altar, portal_ice_cave_rime, st_stairs_9,
          grunt_megastairs_4, serial_bayou_shore_b, uniq_snorg
IceCv:    ice_cave_hellmonk_azure_passage

Skill      XL: |  1  2  3  4  5  6  7  8  9 10 11 12 13 14 |
---------------+-------------------------------------------+-----
Conjurations   | 4 5 6 8 9 10 12 16 | 16.0
Spellcasting   | 2 3 4 5 7 8 9 10 12 | 12.0
Fire Magic     | 2 3 5 6 10 12 | 12.0
Fighting       | 1 2 |  2.0
Armour         | 2 4 6 |  6.0
Dodging        | 5 |  5.1
Stealth        | |  1.7
Unarmed Combat | |  0.6
Translocations | |  0.2

Action                   |  1- 3 |  4- 6 |  7- 9 | 10-12 | 13-15 || total
-------------------------+-------+-------+-------+-------+-------++-------
Melee: Unarmed           |    15 |       |       |       |       ||    15
       Staff             |       |       |     6 |     9 |    14 ||    29
       Trident           |       |       |       |       |     9 ||     9
 Cast: Magic Dart        |   101 |    97 |   177 |   112 |    33 ||   520
       Searing Ray       |       |    19 |    58 |    39 |    24 ||   140
       Iskenderun's Myst |       |       |    21 |    54 |    31 ||   106
       Fireball          |       |       |     4 |   140 |   177 ||   321
       Orb of Destructio |       |       |       |       |     2 ||     2
Evoke: Wand              |       |       |     1 |       |     6 ||     7
  Use: Potion            |       |     5 |       |       |     1 ||     6
       Scroll            |       |       |       |    14 |     1 ||    15
 Stab: Distracted        |       |       |       |       |     1 ||     1
Armor: Robe              |     5 |     9 |    34 |       |       ||    48
       Steam dragon scal |       |       |    13 |     4 |       ||    17
       Ring mail         |       |       |       |    46 |    85 ||   131
Dodge: Dodged            |    15 |    18 |    73 |    52 |    89 ||   247
